 Dungeon Crawl Stone Soup version 0.23-a0-696-gf95311e5ea (webtiles) character file.

438 Pixllover the Skirmisher (level 6, -1/50 HPs)
             Began as a Minotaur Berserker on Jan 12, 2019.
             Was a Priest of Trog.
             Succumbed to a big kobold's poison
             ... in a sewer.
             The game lasted 00:09:06 (3457 turns).

Pixllover the Skirmisher (Minotaur Berserker)       Turns: 3457, Time: 00:09:07

Health: -1/50      AC:  8    Str: 24    XL:     6   Next: 69%
Magic:  5/5        EV: 11    Int:  4    God:    Trog [***...]
Gold:   204        SH:  3    Dex:  9    Spells: 5/5 levels left

rFire    . . .     SeeInvis .   r - +0 war axe
rCold    . . .     Gourm    .   l - +0 buckler
rNeg     . . .     Faith    .   g - +0 ring mail
rPois    .         Spirit   .   (helmet restricted)
rElec    .         Reflect  .   (no cloak)
rCorr    .         Harm     .   (no gloves)
MR       .....                  (no boots)
Stlth    ..........             (no amulet)
HPRegen  0.16/turn              (no ring)
MPRegen  0.09/turn              (no ring)

@: lethally poisoned (-1 -> -31), very slow
A: retaliatory headbutt, horns 2, slimy green scales 1, frail 1
a: Berserk, Trog's Hand, Renounce Religion


You were in a sewer.
You worshipped Trog.
Trog was most pleased with you.
You were not hungry.

You visited 1 branch of the dungeon, and saw 4 of its levels.
You also visited: Sewer.

You collected 204 gold pieces.

Inventory:

Hand Weapons
 a - a +0 mace
 b - a +3 dagger of venom
 e - a +1 dagger of electrocution
 r - a +0 war axe (weapon)
Armour
 g - a +0 ring mail (worn)
 l - a +0 buckler (worn)
Jewellery
 j - an uncursed ring of flight {unknown}
 k - an uncursed ring of stealth {unknown}
 s - a +4 ring of intelligence {unknown}
Wands
 d - a wand of polymorph (4)
Scrolls
 f - a scroll of teleportation {unknown}
 h - 4 scrolls of identify {unknown}
 i - a scroll of enchant weapon
 m - a scroll of blinking {unknown}
 n - 4 scrolls of remove curse
 p - a scroll of immolation {unknown}
Comestibles
 c - 6 rations


   Skills:
 + Level 5.2 Fighting
 + Level 2.7 Short Blades
 + Level 2.3(3.6) Axes
 + Level 4.2(4.6) Maces & Flails
 + Level 4.9 Armour
 + Level 3.4 Dodging
 + Level 0.2 Stealth
 + Level 1.3 Shields


You had 5 spell levels left.
You didn't know any spells.
Your spell library was empty.

Dungeon Overview and Level Annotations

Branches:
Dungeon (4/15)
 Temple: D:4-7

Altars:


Innate Abilities, Weirdness & Mutations

You reflexively headbutt those who attack you in melee.
You have a pair of horns on your head.
You are partially covered in slimy green scales. (AC +2)
You are frail. (-10% HP)


Message History

* * * LOW HITPOINT WARNING * * *
You are more poisoned.
You block the big kobold's attack.
You barely miss the big kobold.
The big kobold is severely wounded.
* * * LOW HITPOINT WARNING * * *
You feel very sick. The big kobold closely misses you.
Your unstable footing causes you to fumble your attack.
* * * LOW HITPOINT WARNING * * *
You feel very sick. The big kobold barely misses you. You furiously retaliate!
You headbutt the big kobold!
You kill the big kobold!
Trog accepts your kill.
Your base Axes skill increases to level 2!
It was a potion of mutation.
You feel extremely strange.
You feel frail.
Slimy green scales grow over part of your body.
You die...

#≈# #≈# #≈# #≈# #≈#
#≈# #########≈##
#...≈..≈.≈≈######
#.)@(((..(≈≈.≈...
#.)≈≈≈≈≈≈≈≈≈≈≈≈≈≈
.....≈≈≈≈≈≈≈≈≈≈≈≈≈≈≈
....#≈≈≈≈≈≈≈≈≈≈≈≈≈≈≈≈
... #.≈≈≈≈≈≈≈≈.......
## #........≈.###.##
############ ∩# #


There were no monsters in sight!

Vanquished Creatures
  An ogre (D:4)
  A big kobold (Sewer)
  2 orc priests
  Natasha (twice) (D:2)
  5 adders
  A river rat (Sewer)
  An ooze (D:3)
  3 worms
  2 dart slugs
  7 leopard geckos
  6 orcs (D:3)
  4 giant cockroaches
  8 goblins
  10 hobgoblins
  12 jackals
  5 kobolds
  2 ball pythons (D:3)
  A ball python skeleton (D:3)
  11 bats
  3 frilled lizards
  8 rats
95 creatures vanquished.

Notes
Turn   | Place    | Note
-------+----------+-------------------------------------------
     0 | D:1      | Pixllover the Minotaur Berserker began the quest for the
                  | Orb.
     0 | D:1      | Reached XP level 1. HP: 19/19 MP: 0/0
   110 | D:1      | Reached XP level 2. HP: 18/27 MP: 1/1
   159 | D:1      | Reached skill level 4 in Fighting
   689 | D:2      | Reached XP level 3. HP: 31/34 MP: 2/2
   881 | D:2      | Reached ** piety under Trog
   884 | D:2      | Reached XP level 4. HP: 33/41 MP: 3/3
   973 | D:2      | Noticed Natasha
   981 | D:2      | Killed Natasha
   981 | D:2      | Reached skill level 1 in Short Blades
  1224 | D:2      | Noticed Natasha
  1232 | D:2      | Killed Natasha
  1603 | D:3      | Reached XP level 5. HP: 46/47 MP: 4/4
  1811 | D:3      | Reached skill level 5 in Fighting
  2016 | D:3      | Reached *** piety under Trog
  2539 | D:4      | Noticed an ogre
  2545 | D:4      | Killed an ogre
  2545 | D:4      | Reached skill level 1 in Axes
  2545 | D:4      | Reached skill level 1 in Shields
  2545 | D:4      | Reached XP level 6. HP: 56/56 MP: 5/5
  3184 | D:4      | Found a glowing drain.
  3194 | Sewer    | Entered a sewer
  3456 | Sewer    | HP: 2/56 [poisoned by a big kobold]
  3457 | Sewer    | Gained mutation: You are frail. (-10% HP) [potion of
                  | mutation]
  3457 | Sewer    | Gained mutation: You are partially covered in slimy green
                  | scales. (AC +2) [potion of mutation]
  3457 | Sewer    | Succumbed to a big kobold's poison

Vault maps used:
D:1:      dpeg_arrival_orchard, minmay_misc_feat_four_crosses
D:2:      first_ration, kennysheep_generic_room_10, uniq_natasha
D:4:      gup_sewer_entry_bubbles, nicolae_ru_the_path_less_chosen
Sewer:    sewer_kobolds

Skill      XL: |  1  2  3  4  5  6 |
---------------+-------------------+-----
Fighting       | 4 5 |  5.2
Maces & Flails | 4 |  4.2
Armour         | 3 4 |  4.9
Short Blades   | 2 |  2.7
Dodging        | 3 |  3.4
Axes           | 1 2 |  2.3
Shields        | 1 |  1.3
Stealth        | |  0.2

Action                   |  1- 3 |  4- 6 || total
-------------------------+-------+-------++-------
Melee: Dagger            |    56 |    73 ||   129
       Mace              |     2 |       ||     2
       Headbutt          |     6 |    23 ||    29
       War axe           |       |    85 ||    85
Invok: Berserk           |       |     1 ||     1
  Use: Scroll            |     2 |       ||     2
       Potion            |     1 |     1 ||     2
  Eat: Chunk             |       |     6 ||     6
       Ration            |       |     1 ||     1
Armor: Ring mail         |    19 |    51 ||    70
Dodge: Dodged            |    41 |   100 ||   141
Block: Buckler           |     4 |    32 ||    36

Table legend:
 A = Non-vault XP
 B = Vault XP
 C = Vault XP percentage of total XP
 D = Non-vault monster count
 E = Vault monster count
 F = Vault count percentage of total count
                 A         B        C        D         E       F
            +---------+---------+-------+---------+---------+-------
      Total |     383 |     243 |  38.8 |      78 |      17 |  17.9
            +---------+---------+-------+---------+---------+-------
        D:1 |      34 |       0 |   0.0 |      18 |       0 |   0.0
        D:2 |      70 |      90 |  56.2 |      19 |       3 |  13.6
        D:3 |     142 |       0 |   0.0 |      36 |       0 |   0.0
        D:4 |     137 |      28 |  17.0 |       5 |       6 |  54.5
      Sewer |       0 |     125 | 100.0 |       0 |       8 | 100.0
            +---------+---------+-------+---------+---------+-------
